 Dungeon Crawl Stone Soup version 0.20-a0-548-g4f8a798 (webtiles) character file.

1355 tsouns the Quickloader (level 8, -4/49 HPs)
             Began as a Kobold Hunter on Feb 1, 2017.
             Slain by Prince Ribbit (15 damage)
             ... on level 6 of the Dungeon.
             The game lasted 00:17:16 (6572 turns).

tsouns the Quickloader (Kobold Hunter)              Turns: 6572, Time: 00:17:17

Health: -4/49      AC:  7    Str: 11    XL:     8   Next: 95%
Magic:  8/8        EV: 21    Int: 13    God:
Gold:   373        SH:  0    Dex: 20    Spells: 7/7 levels left

rFire    + . .     SeeInvis +   n - +0 short sword (venom)
rCold    . . .     Gourm    .   E - +2 leather armour {rF+}
rNeg     . . .     Faith    .   (shield restricted)
rPois    .         Spirit   .   l - +0 helmet
rElec    .         Reflect  .   t - +0 cloak
rCorr    .         Harm     .   (no gloves)
MR       +....                  (no boots)
Stlth    +++++.....             (no amulet)
Regen    0.2/turn               C - ring of protection from magic
                                b - ring of see invisible

@: agile, marked
A: carnivore 3
a: no special abilities


You were on level 6 of the Dungeon.
You were very full.

You visited 1 branch of the dungeon, and saw 6 of its levels.

You collected 373 gold pieces.

Inventory:

Hand Weapons
 a - a +1 hand crossbow of velocity
 n - a +0 short sword of venom (weapon)
 v - a +1 rapier of speed
Armour
 l - a +0 helmet (worn)
 t - a +0 cloak (worn)
 E - a +2 leather armour of fire resistance (worn)
Jewellery
 b - a ring of see invisible (left hand)
 p - a +4 ring of strength
 B - an uncursed ring of protection from cold
 C - a ring of protection from magic (right hand)
Wands
 o - a wand of disintegration (0/24)
Scrolls
 i - a scroll of fear
 k - a scroll of immolation
 u - a scroll of teleportation
 w - a scroll of fog
Potions
 e - a potion of ambrosia
 g - a potion of cancellation
 h - a potion of lignification
 j - a potion of resistance
 q - a potion of flight
 s - 2 potions of magic
 x - a potion of cure mutation {unknown}
 z - a potion of degeneration {unknown}
 A - a potion of haste {unknown}
Comestibles
 f - 4 meat rations
 r - a royal jelly


   Skills:
 + Level 5.0 Fighting
 - Level 6.0 Short Blades
 + Level 8.5 Crossbows
 + Level 3.7 Dodging
 + Level 7.0 Stealth


You had 7 spell levels left.
You didn't know any spells.

Dungeon Overview and Level Annotations

Branches:
Dungeon (6/15)
 Temple: D:4-7

Altars:
Ru
Yredelemnul

Annotations:
D:6 Prince Ribbit


Innate Abilities, Weirdness & Mutations

You are small and have problems with some larger weapons.
You are carnivorous and can eat meat at any time.


Message History

You hit the centaur but do no damage.
The centaur is poisoned.
The centaur completely misses you.
You hit the centaur but do no damage.
The centaur looks as sick as possible!
The centaur barely misses you.
You barely miss the centaur.
The centaur is lightly wounded.
The centaur completely misses you.
The centaur hits you but does no damage.
You hit the centaur but do no damage.
The centaur looks as sick as possible!
The centaur is moderately wounded.
Prince Ribbit mumbles some strange words.
Prince Ribbit looks slightly unstable.
The centaur hits you but does no damage.
You hit the centaur but do no damage.
The centaur looks as sick as possible!
The centaur is moderately wounded.
The centaur barely misses you.
You feel agile all of a sudden. Prince Ribbit barely misses you.
The centaur barely misses you. Prince Ribbit hits you!
You die...

.≈≈≈≈≈..#.#.########
.≈≈≈≈≈..#.#........#
.c≈≈≈≈..#.########.#
≈≈≈≈≈≈..#........#.#
≈≈≈≈≈≈....#.#....#.#
≈≈≈≈≈≈......#....#.#
≈≈≈≈≈≈..........[#.#
≈≈≈≈≈≈..§......F##)##
..[...(§#§#....c@(..#
.......§§§#.#########
###########.# #.# #.#
#.# #.# #.# #.#


You could see Prince Ribbit and a centaur.

Vanquished Creatures
  Sigmund (D:5)
  Duvessa (D:4)
  2 sky beasts
  An ogre (D:4)
  2 centaurs (D:6)
  The ghost of DEFE the Ducker, an amateur DEAK of Lugonu (D:3)
  Blork the orc (D:5)
  A water moccasin skeleton (D:4)
  2 scorpions (D:5)
  Dowan (D:5)
  2 crimson imps (D:5)
  A bullfrog skeleton (D:5)
  An iguana (D:3)
  Terence (D:2)
  4 gnolls
  4 adders
  An ooze (D:2)
  2 worms (D:3)
  A dart slug (D:1)
  2 leopard geckos
  4 orcs
  2 ball pythons
  9 giant cockroaches
  2 gnoll zombies (D:6)
  6 goblins
  6 hobgoblins
  16 jackals
  6 kobolds
  5 quokkas
  6 bats
  8 rats
102 creatures vanquished.

Notes
Turn   | Place    | Note
-------+----------+-------------------------------------------
     0 | D:1      | tsouns the Kobold Hunter began the quest for the Orb.
     0 | D:1      | Reached XP level 1. HP: 12/12 MP: 1/1
    75 | D:1      | Reached skill level 5 in Crossbows
   134 | D:1      | Reached XP level 2. HP: 17/18 MP: 2/2
   712 | D:1      | Reached XP level 3. HP: 13/22 MP: 3/3
  1040 | D:2      | Noticed Terence
  1044 | D:2      | Killed Terence
  1044 | D:2      | Reached skill level 1 in Short Blades
  1044 | D:2      | Reached XP level 4. HP: 28/28 MP: 4/4
  1496 | D:3      | Noticed DEFE's ghost (amateur DEAK)
  1511 | D:3      | Killed DEFE's ghost
  1511 | D:3      | Reached skill level 6 in Crossbows
  1511 | D:3      | Reached XP level 5. HP: 26/33 MP: 5/5
  1913 | D:3      | Reached XP level 6. HP: 36/38 MP: 6/6
  3556 | D:4      | Noticed an ogre
  3607 | D:4      | Killed an ogre
  3607 | D:4      | Reached skill level 7 in Crossbows
  3607 | D:4      | Reached XP level 7. HP: 37/43 MP: 7/7
  3646 | D:5      | Entered Level 5 of the Dungeon
  3646 | D:5      | Noticed Dowan
  3661 | D:5      | Killed Dowan
  3663 | D:5      | Noticed Duvessa
  3820 | D:4      | Killed Duvessa
  3820 | D:4      | Reached skill level 5 in Short Blades
  4304 | D:5      | Noticed Blork the orc
  4319 | D:5      | Killed Blork the orc
  4319 | D:5      | Reached skill level 5 in Stealth
  4337 | D:5      | Noticed Sigmund
  4362 | D:5      | Killed Sigmund
  4362 | D:5      | Reached skill level 8 in Crossbows
  4362 | D:5      | Reached XP level 8. HP: 27/48 MP: 8/8
  5250 | D:6      | Found a basalt altar of Yredelemnul.
  5545 | D:6      | Found a sacrificial altar of Ru.
  6552 | D:6      | Reached skill level 5 in Fighting
  6554 | D:6      | Noticed Prince Ribbit
  6572 | D:6      | Slain by Prince Ribbit

Vault maps used:
D:1:      saegor_arrival_simple_c
D:2:      uniq_terence
D:4:      first_bread
D:5:      uniq_duvessa, uniq_sigmund, uniq_blork_the_orc
D:6:      nicolae_whirlpool, lemuel_zombie_altar_yredelemnul,
          grunt_temple_overflow_cloverleaf, nicolae_ru_the_path_less_chosen,
          temple_hall, uniq_prince_ribbit1

Skill      XL: |  1  2  3  4  5  6  7  8 |
---------------+-------------------------+-----
Crossbows      | 5 6 7 8 |  8.5
Fighting       | 3 4 5 |  5.0
Short Blades   | 1 2 3 4 6 |  6.0
Stealth        | 2 3 5 7 |  7.0
Dodging        | 3 |  3.7

Action                   |  1- 3 |  4- 6 |  7- 9 || total
-------------------------+-------+-------+-------++-------
Melee: Short sword       |    73 |   178 |   139 ||   390
 Fire: Hand crossbow     |    22 |    20 |    41 ||    83
Evoke: Wand              |       |       |     5 ||     5
  Use: Scroll            |       |    12 |     4 ||    16
       Potion            |       |       |     2 ||     2
 Stab: Sleeping          |     1 |     3 |     4 ||     8
  Eat: Chunk             |     9 |     8 |     7 ||    24
Armor: Leather armour    |    21 |    37 |    29 ||    87
       Robe              |       |       |     1 ||     1
Dodge: Dodged            |    74 |   125 |    90 ||   289
